 Dungeon Crawl Stone Soup version 0.29.1-2-gbd0b4ee654 (webtiles) character file.

Game seed: 17943790143516563484

110 xian the Firebug (level 4, -3/30 HPs)
             Began as a Demonspawn Fire Elementalist on Oct 23, 2022.
             Slain by Edmund
             ... wielding a +0 vorpal flail
              (5 damage)
             ... on level 4 of the Dungeon.
             The game lasted 00:11:16 (3716 turns).

xian the Firebug (Demonspawn Fire Elementalist)     Turns: 3716, Time: 00:11:16

Health: -3/30      AC:  3    Str:  9    XL:     4   Next: 61%
Magic:  3/8        EV: 12    Int: 24    God:
Gold:   312        SH:  0    Dex: 13    Spells: 5/8 levels left

rFire   . . .      SeeInvis .   m - +0 rapier
rCold   . . .      Faith    .   (no shield)
rNeg    . . .      Spirit   .   a - +0 robe
rPois   .          Reflect  .   o - +0 helmet
rElec   .          Harm     .   (no cloak)
rCorr   .          Rampage  .   (no gloves)
Will    .....                   (no boots)
Stlth   ++........              (no amulet)
HPRegen 0.10/turn               k - +6 ring of intelligence
MPRegen 0.22/turn               (no ring)

@: no status effects
A: demonic guardian 1, magic regeneration, weakness stinger 1
a: no special abilities


You were on level 4 of the Dungeon.
You visited 1 branch of the dungeon, and saw 4 of its levels.

You collected 312 gold pieces.

Inventory:

Hand Weapons
 m - a +0 rapier (weapon)
Armour
 a - a +0 robe (worn)
 d - a +0 kite shield
 o - a +0 helmet (worn)
Jewellery
 k - a +6 ring of intelligence (left hand)
Scrolls
 c - 2 scrolls of fear {unknown}
 e - 2 scrolls of enchant weapon
 f - 2 scrolls of teleportation {unknown}
 j - a scroll of magic mapping
 l - a scroll of fog
 n - a scroll of immolation
 p - a scroll of torment {unknown}
Potions
 b - a potion of magic
 g - 2 potions of curing {unknown}
 h - a potion of haste {unknown}
 i - a potion of brilliance {unknown}


   Skills:
 + Level 2.0 Dodging
 + Level 1.9 Stealth
 + Level 2.8 Spellcasting
 + Level 2.5 Conjurations
 + Level 3.6 Fire Magic


You had 5 spell levels left.
You knew the following spells:

 Your Spells              Type           Power      Damage    Failure   Level
a - Foxfire               Conj/Fire      72%        2x1d7     3%          1
b - Scorch                Fire           40%        2d7       3%          2

Your spell library contained the following spells:

 Spells                   Type           Power      Damage    Failure   Level
 Conjure Flame            Conj/Fire      18%        6-21      10%         3
 Inner Flame              Hex/Fire       12%        N/A       16%         3
 Poisonous Vapours        Pois/Air       6%         N/A       17%         2
 Flame Wave               Conj/Fire      18%        2d7       30%         4
 Corpse Rot               Necr/Pois/Air  3%         N/A       73%         4


Dungeon Overview and Level Annotations

Branches:
Dungeon (4/15)
 Temple: D:4-7

Altars:
Ashenzari
Dithmenos
Fedhas
Hepliaklqana
Uskayaw
Wu Jian

Annotations:
D:4 Edmund, Robin


Innate Abilities, Weirdness & Mutations

A weak demonic guardian rushes to your aid.
You regenerate magic rapidly.
You have a small tail.


Message History

Unknown command.
There is a stone staircase leading down here.
You climb downwards.
Level annotation: Robin
There is a stone staircase leading up here.
Casting: Foxfire (safe; 3% risk of failure)
Confirm with . or Enter, or press ? or * to list all spells.
Flames lash Edmund.
Edmund shouts!
Edmund is lightly wounded.
Edmund's fire resistance burns away.
Edmund says, "People accused me of being a cutpurse!"
Edmund hits you with a +0 vorpal flail.
A demonic guardian appears!
You miscast Foxfire.
You are very lightly contaminated with residual magic.
Nothing appears to happen.
Edmund completely misses you.
You conjure some foxfire!
Edmund hits you with a +0 vorpal flail.
You conjure some foxfire!
Edmund is no longer more vulnerable to fire.
The foxfire hits Edmund.
Edmund is lightly wounded.
The foxfire hits Edmund but does no damage.
Edmund is lightly wounded.
Edmund hits you with a +0 vorpal flail.
Casting: Foxfire (safe; 3% risk of failure)
Confirm with . or Enter, or press ? or * to list all spells.
Flames lash Edmund but do no damage.
Edmund hits you with a +0 vorpal flail!
* * * LOW HITPOINT WARNING * * *
A demonic guardian appears!
* * * LOW HITPOINT WARNING * * *
Unknown command.
Your foxfire dissipates!
Found a yellow potion.
Your shadow imp gestures at Edmund.
Edmund writhes in agony!
Your shadow imp closely misses Edmund.
Your shadow imp hits Edmund.
Found an escape hatch in the ceiling.
Your magical contamination has completely faded away.
Edmund attacks as you move away! Edmund hits you with a +0 vorpal flail.
You die...

#. #. #.
#####.###
#.....<5#
#.###.#.# ##
#.#5# ..
#.#@##.#.#
#...@...<#
.....!.###.....
######## ###


You could see Edmund (ally target) and 2 friendly shadow imps.

Vanquished Creatures
  6 adders
  A dart slug (D:2)
  An orc (D:3)
  5 endoplasms
  3 giant cockroaches
  8 goblins
  6 hobgoblins
  A quokka (D:2)
  3 ball pythons
  6 bats
  2 frilled lizards (D:1)
  4 kobolds
  5 rats
51 creatures vanquished.

Vanquished Creatures (others)
  187 foxfires
187 creatures vanquished.

Grand Total: 238 creatures vanquished

Notes
Turn   | Place    | Note
-------+----------+-------------------------------------------
     0 | D:1      | xian the Demonspawn Fire Elementalist began the quest for
                  | the Orb.
     0 | D:1      | Reached XP level 1. HP: 13/13 MP: 3/3
   359 | D:1      | Reached skill level 3 in Fire Magic
   446 | D:1      | Gained mutation: A weak demonic guardian rushes to your
                  | aid. [demonic ancestry]
   446 | D:1      | Reached XP level 2. HP: 19/19 MP: 1/5
  1273 | D:2      | Gained mutation: You have a small tail. [demonic ancestry]
  1273 | D:2      | Reached XP level 3. HP: 21/24 MP: 1/6
  1276 | D:2      | Learned a level 2 spell: Scorch
  2097 | D:2      | Gained mutation: You regenerate magic rapidly. [demonic
                  | ancestry]
  2097 | D:2      | Reached XP level 4. HP: 30/30 MP: 4/7
  2276 | D:3      | Found a shadowy altar of Dithmenos.
  2394 | D:3      | Found an ornate altar of the Wu Jian Council.
  2493 | D:3      | Found a hide-covered altar of Uskayaw.
  2495 | D:3      | Found a broken altar of Ashenzari.
  2582 | D:3      | Found a blossoming altar of Fedhas.
  3180 | D:3      | Found a hazy altar of Hepliaklqana.
  3302 | D:4      | Noticed Robin
  3706 | D:4      | Noticed Edmund
  3711 | D:4      | HP: 1/30 [Edmund/+0 vorpal flail (2)]
  3716 | D:4      | Slain by Edmund

Illustrated notes

Levels and vault maps discovered:
D:1:      lemuel_arrival_muddy, layout_loops_ring
D:2:      layout_basic, minivault_27, minmay_small_reverse_x
D:3:      layout_loops_ring, amcnicky_altar_gilded, overflow_temple_1_default,
          lemuel_coloured_pillars_altar, mainiacjoe_overflow_brackets,
          nicolae_overflow_squiral
D:4:      layout_loops_corners, gammafunk_ghost_abyssal_escape, minmay_cupped,
          uniq_pikel, uniq_ijyb, uniq_edmund, uniq_robin

Skill      XL: |  1  2  3 |
---------------+----------+-----
Fire Magic     | 3 |  3.6
Dodging        | 2 |  2.0
Conjurations   | 2 |  2.5
Stealth        | |  1.9
Spellcasting   | |  2.8

Action                   |  1- 3 |  4- 6 || total
-------------------------+-------+-------++-------
Melee: Unarmed           |     8 |       ||     8
 Cast: Foxfire           |    71 |    47 ||   118
       Scorch            |       |     2 ||     2
  Use: Scroll            |       |     4 ||     4
Armor: Robe              |    13 |    12 ||    25
Dodge: Dodged            |    32 |    34 ||    66
